 Dungeon Crawl Stone Soup version 0.29.0-4-gdea44cf6ec (webtiles) character file.

Game seed: 10051153979738843066

4496 ImASeal the Fighter (level 10, -6/94 HPs)
             Began as a Ghoul Gladiator on Aug 27, 2022.
             Was an Initiate of Yredelemnul.
             Mangled by a yak (10 damage)
             ... on level 9 of the Dungeon.
             The game lasted 00:47:42 (9261 turns).

ImASeal the Fighter (Ghoul Gladiator)               Turns: 9261, Time: 00:47:43

Health: -6/94      AC:  7    Str: 21    XL:     10   Next: 38%
Magic:  0/9        EV: 12    Int:  3    God:    Yredelemnul [......]
Gold:   332        SH:  0    Dex: 12    Spells: 8/9 levels left

rFire   . . .      SeeInvis .   s - +3 war axe (vamp)
rCold   + . .      Faith    .   (no shield)
rNeg    + + +      Spirit   +   F - +3 leather armour
rPois   ∞          Reflect  .   b - +0 helmet
rElec   .          Harm     .   (no cloak)
rCorr   .          Rampage  .   (no gloves)
Will    +....                   (no boots)
Stlth   +.........              n - amulet of guardian spirit
HPRegen 0.00/turn               D - ring of willpower
MPRegen 0.11/turn               (no ring)

@: inhibited regen
A: claws 1, cold resistance 1, negative energy resistance 3, inhibited
regeneration, torment resistance 2, devour on kill
a: Renounce Religion, Recall Undead Harvest


You were on level 9 of the Dungeon.
You worshipped Yredelemnul.
Yredelemnul was noncommittal.
You visited 2 branches of the dungeon, and saw 10 of its levels.

You collected 332 gold pieces.

Inventory:

Hand Weapons
 e - a +2 mace of protection
 p - the +8 mace "Undertaker" {flame, rElec Str+7}
   (You found it on level 3 of the Dungeon)

   It burns those it strikes, dealing additional fire damage.
   Str:       It affects your strength (+7).
   rElec:     It insulates you from electricity.
 s - a +3 vampiric war axe (weapon)
 u - a +4 dagger of venom
 w - a +2 short sword of electrocution
 L - a +2 dagger of draining
Missiles
 c - 4 throwing nets (quivered)
 d - a javelin
 q - 9 atropa-tipped darts
 x - 13 poisoned darts
Armour
 a - a +0 leather armour
 b - a +0 helmet (worn)
 t - a +2 hat
 F - a +3 leather armour (worn)
Jewellery
 n - an amulet of guardian spirit (around neck)
 D - a ring of willpower (left claw)
 J - an amulet of guardian spirit
Wands
 y - a wand of charming (11)
 E - a wand of roots (5)
Scrolls
 f - 2 scrolls of enchant weapon
 g - 5 scrolls of identify {unknown}
 i - 2 scrolls of vulnerability {unknown}
 k - 2 scrolls of fear {unknown}
 o - a scroll of torment {unknown}
 r - 3 scrolls of immolation {unknown}
 v - a scroll of blinking {unknown}
 B - 2 scrolls of teleportation {unknown}
 C - a scroll of acquirement {unknown}
 K - a scroll of fog {unknown}
 M - a scroll of enchant armour {unknown}
Potions
 h - 8 potions of curing
 j - a potion of degeneration {unknown}
 l - 2 potions of lignification
 m - a potion of heal wounds {unknown}
 z - a potion of resistance {unknown}
 A - a potion of might {unknown}
 G - 2 potions of ambrosia {unknown}
 H - a potion of brilliance {unknown}
 I - a potion of attraction {unknown}
 N - a potion of cancellation {unknown}
 O - a potion of invisibility {unknown}


   Skills:
 * Level 10.8 Fighting
 + Level 10.2 Maces & Flails
 - Level 1.7 Throwing
 - Level 2.6 Dodging
 - Level 1.0 Stealth
 - Level 3.2 Unarmed Combat
 + Level 1.0 Necromancy
 + Level 0.3 Invocations


You had 8 spell levels left.
You knew the following spells:

 Your Spells              Type           Power      Damage    Failure   Level
a - Necrotise             Necr           0%         1d4       43%         1

Your spell library contained the following spells:

 Spells                   Type           Power      Damage    Failure   Level
 Apportation              Tloc           0%         N/A       56%         1
 Magic Dart               Conj           0%         1d3       56%         1
 Sting                    Tmut/Pois      0%         1d3       56%         1
 Summon Small Mammal      Summ           0%         N/A       56%         1
 Poisonous Vapours        Pois/Air       0%         N/A       71%         2
 Searing Ray              Conj           0%         2d4       71%         2
 Confusing Touch          Hex            0%         N/A       91%         3
 Tukima's Dance           Hex            0%         N/A       91%         3
 Cause Fear               Hex            0%         N/A       100%        4
 Fulminant Prism          Conj/Hex       0%         3d6       100%        4
 Olgreb's Toxic Radiance  Pois           0%         N/A       100%        4
 Passage of Golubria      Tloc           0%         N/A       100%        4
 Agony                    Necr           0%         N/A       100%        5
 Yara's Violent Unravell  Hex/Tmut       0%         3d3       100%        5
 Enfeeble                 Hex            0%         N/A       100%        7
 Haunt                    Necr/Summ      0%         N/A       100%        7
 Malign Gateway           Summ/Tloc      0%         N/A       100%        7
 Infestation              Necr           0%         N/A       100%        8
 Summon Horrible Things   Summ           0%         N/A       100%        8
 Dragon's Call            Summ           0%         N/A       100%        9
 Animate Dead             Necr           Unusable   N/A       N/A         4
 Simulacrum               Ice/Necr       Unusable   N/A       N/A         6
 Dragon Form              Tmut           Unusable   N/A       N/A         7
 Death's Door             Necr           Unusable   N/A       N/A         9

Dungeon Overview and Level Annotations

Branches:
Dungeon (9/15)             Temple (1/1) D:7
   Lair: D:8-11         Orc: D:9-12

Altars:
Ashenzari
Cheibriados
Fedhas
Gozag
Hepliaklqana
Kikubaaqudgha
Nemelex Xobeh
Okawaru
Qazlal
Ru
Sif Muna
Trog
Uskayaw
Vehumet
Wu Jian
Xom
Yredelemnul

Shops:
D:6 :   D:8 *:[:


Innate Abilities, Weirdness & Mutations

You are immune to poison.
You have sharp fingernails.
Your flesh is cold resistant. (rC+)
You are immune to negative energy. (rN+++)
You do not regenerate when monsters are visible.
You are immune to unholy pain and torment.
You thrive by killing the living.


Message History

Your centaur zombie hits the yak.
Your centaur zombie kicks the yak but does no damage.
You barely miss the yak.
The yak is almost dead.
The orc warrior hits your centaur zombie with a +0 battleaxe.
The yak gores you but does no damage.
The yak barely misses your centaur zombie.
The yak gores you.
Your centaur zombie barely misses the yak.
Your centaur zombie kicks the yak but does no damage.
You sock the yak! You burn the yak.
You kill the yak!
You feel better.
The orc warrior hits your centaur zombie with a +0 battleaxe!
Your centaur zombie is destroyed!
The yak gores you!
You sock the yak! You burn the yak.
The yak is heavily wounded.
The yak closely misses you. The yak completely misses you.
The orc warrior attacks as you move away!
The orc warrior hits you with a +0 battleaxe!
The orc attacks as you move away! The orc hits you with a +0 club.
The yak barely misses you. The yak attacks as you move away! The yak gores you!
The yak attacks as you move away! The yak gores you.
The orc warrior hits you with a +0 battleaxe!
* * * LOW HITPOINT WARNING * * *
The orc warrior attacks as you move away!
The orc warrior hits you with a +0 battleaxe!
* * * LOW HITPOINT WARNING * * *
The +8 mace "Undertaker" {flame, rElec Str+7} stops flaming.
You feel a sense of dread.
s - a +3 vampiric war axe (weapon)
The yak gores you!
* * * LOW HITPOINT WARNING * * *
You completely miss the yak.
The yak is moderately wounded.
The yak gores you!
You die...
Yredelemnul claims you as an undead slave.

...##.# ...#.. . .#
#.#...#.#.#.# .#...#[..
...#...# ##
.#.#.#.#...#.#.#.# ..
#..#...##.##...#.. ..#.#
##$#.#.......#.#.#
......###...##.###.##...#
........#.#.........).#.#
#....##@.##.###.###)##..
#....##Yo..........)..#
#..#.###.###.###.###.##
#..))##.........#..#..
###..Yo......#..<......
.........................
#######...?....###......
#.....<..# #......
#.........# ...


You could see a yak and an orc warrior.

Vanquished Creatures
  A two-headed ogre (D:8)
  Pikel (D:8)
  4 yaks
  2 steam dragons (D:6)
  A water moccasin (D:6)
  A black bear (D:5)
  An ice beast (D:8)
  2 ogres
  3 centaurs
  A phantom (D:5)
  A kobold brigand (D:9)
  2 bullfrogs
  A necrophage (D:8)
  2 scorpions
  3 killer bees (D:8)
  A vampire bat (D:6)
  3 howler monkeys (D:7)
  5 hounds
  3 orc priests
  A gnoll bouda (D:8)
  An iron imp (D:3)
  4 iguanas (D:5)
  11 orc wizards
  8 gnolls
  6 adders
  A shadow imp (D:6)
  A white imp (D:5)
  2 ufetubi
  5 dart slugs
  31 orcs
  6 endoplasms
  7 hobgoblins
  7 jackals
  7 kobolds
  5 quokkas
  5 ball pythons
  11 bats
  4 frilled lizards (D:1)
  7 goblins
  23 rats
191 creatures vanquished.

Vanquished Creatures (collateral kills)
  A yak (D:7)
  A water moccasin zombie (D:6)
  A howler monkey (D:6)
  2 adders (D:6)
  A gnoll (D:6)
  2 orcs (D:6)
  A bat (D:6)
9 creatures vanquished.

Vanquished Creatures (others)
  A centaur zombie (D:9)
  A killer bee zombie (D:8)
  An ice beast zombie (D:8)
  An iguana zombie (D:5)
  2 bat zombies (D:6)
  A gnoll zombie (D:8)
  A kobold zombie (D:9)
  2 orc zombies (D:8)
10 creatures vanquished.

Grand Total: 210 creatures vanquished

Notes
Turn   | Place    | Note
-------+----------+-------------------------------------------
     0 | D:1      | ImASeal the Ghoul Gladiator began the quest for the Orb.
     0 | D:1      | Reached XP level 1. HP: 17/17 MP: 0/0
   208 | D:1      | Reached XP level 2. HP: 25/25 MP: 1/1
   365 | D:1      | Reached skill level 1 in Maces & Flails
   370 | D:1      | Reached XP level 3. HP: 31/31 MP: 2/2
   952 | D:2      | Found a faded altar of an unknown god.
  1295 | D:3      | Found a snail-covered altar of Cheibriados.
  1309 | D:3      | Reached XP level 4. HP: 28/40 MP: 3/3
  1426 | D:3      | Found a broken altar of Ashenzari.
  1857 | D:3      | Identified the +8 mace "Undertaker" {flame, rElec Str+7}
  2175 | D:3      | Reached XP level 5. HP: 40/46 MP: 4/4
  2628 | D:4      | Noticed an ogre
  2633 | D:4      | Killed an ogre
  2634 | D:4      | Reached XP level 6. HP: 50/55 MP: 5/5
  2836 | D:4      | Reached skill level 5 in Fighting
  3156 | D:4      | Found a sparkling altar of Nemelex Xobeh.
  3452 | D:4      | Found a basalt altar of Yredelemnul.
  3461 | D:4      | Became a worshipper of Yredelemnul the Dark
  3526 | D:4      | Learned a level 1 spell: Necrotise
  3687 | D:4      | Reached XP level 7. HP: 61/61 MP: 6/6
  3818 | D:5      | Entered Level 5 of the Dungeon
  3827 | D:5      | Reached skill level 5 in Maces & Flails
  4245 | D:5      | Reached * piety under Yredelemnul
  4357 | D:5      | Reached skill level 1 in Stealth
  4516 | D:5      | Reached XP level 8. HP: 59/71 MP: 5/7
  4944 | D:6      | Found an iron altar of Okawaru.
  5367 | D:6      | Reached ** piety under Yredelemnul
  6010 | D:6      | Found Odosufom's Tremendous Tomes.
  6368 | D:7      | Found a radiant altar of Vehumet.
  6459 | D:7      | Noticed a yak
  6459 | D:7      | Noticed a yak
  6460 | D:7      | Noticed a yak
  6460 | D:7      | Noticed a yak
  6471 | D:7      | Killed a yak
  6472 | D:7      | Reached XP level 9. HP: 68/81 MP: 6/8
  6473 | D:7      | Reached skill level 1 in Necromancy
  6504 | D:7      | Found a staircase to the Ecumenical Temple.
  6538 | Temple   | Entered the Ecumenical Temple
  7862 | D:8      | Found Anearuit's General Store.
  7880 | D:8      | Found Ilaoxoa's Book Boutique.
  8231 | D:8      | Found Feyriget's Book Boutique.
  8314 | D:8      | Noticed a two-headed ogre
  8337 | D:8      | HP: 4/84 [two-headed ogre/+0 giant club (22)]
  8339 | D:8      | Killed a two-headed ogre
  8340 | D:8      | Reached skill level 10 in Fighting
  8340 | D:8      | Reached XP level 10. HP: 9/93 MP: 0/9
  8768 | D:8      | Found a hide-covered altar of Uskayaw.
  8810 | D:8      | Noticed Pikel
  8818 | D:8      | Killed Pikel
  8819 | D:8      | Reached skill level 10 in Maces & Flails
  9006 | D:8      | Got the Grimoire of Despicable Liturgies and the Iceberg
  9071 | D:8      | Found Kosip's Armour Shoppe.
  9260 | D:9      | HP: 4/94 [yak (8)]
  9261 | D:9      | Mangled by a yak

Illustrated notes

Levels and vault maps discovered:
D:1:      lemuel_arrival_room, layout_rooms, minmay_hedge_maze, minmay_quantized
D:2:      layout_basic, shapermc_ecumenical_altar_rom_forum, interstate_on_off,
          minmay_fountain_box
D:3:      layout_loops_corners, slow_altar_1, marbit_many_paths,
          kennysheep_another_room, minmay_rat_hole
D:4:      layout_loops_ring, mainiacjoe_overflow_chevrons, lemuel_round_altar,
          reono_crystal_passage, chequers_serial_rivers_small_b
D:5:      layout_loops_ring
D:6:      layout_layer_cave, okawaru_gym_becter, nicolae_shop_i_like_big_books,
          roderic_batcave
D:7:      layout_loops_cross, mainiacjoe_overflow_alcove_1,
          minmay_temple_entry_junction_2
D:8:      layout_loops_ring, general_overflow_altar, serial_shops, shop,
          shop_statue, nicolae_shop_statue_plus, nicolae_take_the_stairs,
          uniq_pikel
D:9:      layout_rooms, lemuel_crystal_altar,
          nicolae_concentric_dashed_squares_wild, minivault_10
Temple:   oiseaux_autumnal_temple

Skill      XL: |  1  2  3  4  5  6  7  8  9 10 |
---------------+-------------------------------+-----
Fighting       | 3 4 5 6 8 10 | 10.8
Maces & Flails | 1 2 3 4 5 7 9 10 | 10.2
Stealth        | 1 |  1.0
Necromancy     | 1 |  1.0
Throwing       | |  1.7
Dodging        | |  2.6
Unarmed Combat | |  3.2
Invocations    | |  0.3

Action                   |  1- 3 |  4- 6 |  7- 9 | 10-12 || total
-------------------------+-------+-------+-------+-------++-------
Melee: Mace              |   125 |   171 |   200 |    30 ||   526
       Punch             |     1 |     4 |     4 |     1 ||    10
       War axe           |       |       |     4 |     1 ||     5
 Cast: Necrotise         |       |     1 |       |       ||     1
Invok: Recall Undead Har |       |     1 |     1 |       ||     2
  Use: Potion            |       |       |     2 |       ||     2
       Scroll            |       |       |     1 |       ||     1
 Stab: Distracted        |       |       |     1 |       ||     1
Armor: Leather armour    |    82 |    61 |    68 |     9 ||   220
Dodge: Dodged            |   124 |   124 |   117 |    17 ||   382
